 Dungeon Crawl Stone Soup version 0.29.1-13-g9f3cf754e1 (webtiles) character file.

Game seed: 10301945254664583137

3857 FexLirch the Thaumaturge (level 10, -4/65 HPs)
             Began as a Djinni Fire Elementalist on Jan 19, 2023.
             Was a Believer of Makhleb.
             Shot with an arrow by a centaur (14 damage)
             ... on level 8 of the Dungeon.
             The game lasted 00:15:01 (7736 turns).

FexLirch the Thaumaturge (Djinni Fire Elementalist) Turns: 7736, Time: 00:15:01

Health: -4/65      AC:  2    Str:  7    XL:     10   Next: 41%
Gold:   409        EV: 21    Int: 26    God:    Makhleb [**....] SH:  0 Dex: 20

rFire   . . .      SeeInvis .   (weapon currently unavailable)
rCold   . . .      Faith    .   (shield currently unavailable)
rNeg    . . .      Spirit   .   (body armour currently unavailable)
rPois   ∞          Reflect  .   (helmet currently unavailable)
rElec   .          Harm     .   (cloak currently unavailable)
rCorr   .          Rampage  .   (gloves currently unavailable)
Will    ++...                   (boots unavailable)
Stlth   ++........              (no amulet)
HPRegen 0.20/turn               O - +6 ring of intelligence
MPRegen 0.00/turn               A - ring of willpower

@: spider-form, flying
A: venomous fangs, flying, sickness immunity, tiny, (fire resistance 2), (cold
vulnerability 1), float, innate caster, HP casting, extra vitality 1
a: End Transformation, Renounce Religion, Minor Destruction


You were on level 8 of the Dungeon.
You worshipped Makhleb.
Makhleb was pleased with you.
You were a venomous arachnid creature.
You visited 1 branch of the dungeon, and saw 8 of its levels.

You collected 409 gold pieces.

Inventory:

Hand Weapons
 t - a +2 dagger of draining (melded)
 F - a +2 rapier of holy wrath
Armour
 a - a +0 robe
 g - a +0 cloak (melded)
 q - a +0 helmet of intelligence (melded)
 G - a +0 buckler (melded)
 L - +0 steam dragon scales (melded)
Magical Staves
 M - a staff of earth
Jewellery
 m - the ring "Bualeosi" {rN+ Str+6}
   (You found it on level 2 of the Dungeon)

   [ring of strength]

   Str:       It affects your strength (+6).
   rN:        It protects you from negative energy.
 A - a ring of willpower (right front leg)
 O - a +6 ring of intelligence (left front leg)
Wands
 p - a wand of digging (3)
 r - a wand of iceblast (13)
 v - a wand of charming (6)
 B - a wand of light (6)
 C - a wand of mindburst (21)
Scrolls
 b - a scroll of amnesia {unknown}
 e - 8 scrolls of identify {unknown}
 h - 2 scrolls of noise {unknown}
 i - 2 scrolls of blinking {unknown}
 j - 2 scrolls of enchant armour {unknown}
 l - 4 scrolls of immolation {unknown}
 n - a scroll of butterflies {unknown}
 x - 3 scrolls of brand weapon {unknown}
 y - 2 scrolls of magic mapping {unknown}
 D - a scroll of vulnerability {unknown}
 E - a scroll of torment {unknown}
 H - a scroll of acquirement {unknown}
 I - a scroll of enchant weapon {unknown}
 K - a scroll of poison {unknown}
 N - a scroll of fear {unknown}
 Q - a scroll of silence {unknown}
Potions
 c - 4 potions of curing {unknown}
 d - a potion of mutation {unknown}
 f - 2 potions of heal wounds {unknown}
 k - 2 potions of resistance {unknown}
 o - 3 potions of invisibility {unknown}
 s - 3 potions of cancellation {unknown}
 u - a potion of haste {unknown}
 w - a potion of attraction {unknown}
 z - 4 potions of degeneration {unknown}
 J - 2 potions of flight {unknown}
 P - 2 potions of might {unknown}


   Skills:
 + Level 2.4 Fighting
 + Level 3.7 Dodging
 - Level 1.5 Stealth
 + Level 2.4 Shields
 * Level 10.7 Spellcasting


You had 7 spell levels left.
You knew the following spells:

 Your Spells              Type           Power      Damage    Failure   Level
a - Foxfire               Conj/Fire      100%       2x1d9     1%          1
b - Scorch                Fire           100%       2d10      1%          2
c - Conjure Flame         Conj/Fire      63%        6-21      1%          3
d - Inner Flame           Hex/Fire       63%        N/A       1%          3
e - Flame Wave            Conj/Fire      63%        2d15      3%          4
f - Freeze                Ice            100%       1d11      1%          1
g - Call Imp              Summ           63%        N/A       1%          2
h - Spider Form           Tmut/Pois      63%        N/A       1%          3
i - Anguish               Hex/Necr       31%        N/A       3%          4
Your spell library was empty.

Dungeon Overview and Level Annotations

Branches:
Dungeon (8/15)             Temple (0/1) D:6
   Lair: D:8-11

Altars:
Hepliaklqana
Makhleb
Wu Jian
Yredelemnul


Innate Abilities, Weirdness & Mutations

You are a venomous arachnid creature.
You have poisonous fangs.
You are tiny and dextrous.
You are flying.
Your spellcasting is less reliable in this form.
Your armour is entirely melded.
You are incapable of wielding weapons or throwing items.
You are immune to sickness and miasma.
You are immune to poison.
((Your flesh is very heat resistant. (rF++)))
((You are vulnerable to cold. (rC-)))
You float through the air rather than walking.
You learn spells naturally, not from books.
Your magical power is your life essence.
You have superior vitality. (+4 MHP)


Message History

Flames lash the purple ugly thing.
The purple ugly thing is burned terribly!
You kill the purple ugly thing!
Makhleb accepts your kill.
Casting: Scorch (safe; 1% risk of failure)
Confirm with . or Enter, or press ? or * to list all spells.
Flames lash the bullfrog.
The bullfrog is heavily wounded.
The bullfrog's fire resistance burns away.
A centaur comes into view.
Casting: Scorch (safe; 1% risk of failure)
Confirm with . or Enter, or press ? or * to list all spells.
Casting: Anguish (dangerous; 1% risk of failure)
Press: ? - help, Dir - look around, f - activate The centaur resists with almost no effort.
The bullfrog resists with some effort.
The centaur wields a +0 shortbow.
The centaur shoots an arrow.
You block the arrow.
Casting: Anguish (dangerous; 1% risk of failure)
Confirm with . or Enter, or press ? or * to list all spells.
Casting: Anguish (dangerous; 1% risk of failure)
Press: ? - help, Dir - look around, f - activate The centaur is haunted by guilt!
The bullfrog is haunted by guilt!
The centaur shoots an arrow.
The arrow hits you.
* * * LOW HITPOINT WARNING * * *
The centaur is wracked by anguish.
The centaur shoots an arrow.
The arrow hits you.
* * * LOW HITPOINT WARNING * * *
The centaur is wracked by anguish.
Casting: Anguish (dangerous; 1% risk of failure)
Confirm with . or Enter, or press ? or * to list all spells.
You turn into a venomous arachnid creature.
Your +2 dagger of draining melds into your body.
Your +0 cloak melds into your body.
Your +0 helmet of intelligence melds into your body.
Your +0 buckler melds into your body.
Your +0 steam dragon scales melds into your body.
You feel stupid.
* * * LOW HITPOINT WARNING * * *
The centaur shoots an arrow.
The arrow hits you!
You die...

. o# o# ## §##
.#)..
#######c§###.#
#<..s.§F......
###########..#


You could see a bullfrog (combustible, anguished) and a centaur (anguished).

Vanquished Creatures
  A centaur warrior (D:8)
  An ugly thing (D:8)
  A troll (D:6)
  A steam dragon (D:7)
  2 water moccasins
  2 black bears
  2 ice beasts
  2 sky beasts
  2 ogres
  2 phantoms (D:6)
  2 kobold brigands
  A scorpion (D:7)
  A wight (D:6)
  3 howler monkeys
  4 jellies
  5 hounds
  2 orc priests (D:7)
  2 gnoll boudas
  6 iguanas
  Natasha (D:3)
  4 orc wizards
  4 gnolls (D:4)
  7 adders
  2 shadow imps
  2 ufetubi (D:6)
  2 worms (D:2)
  4 dart slugs
  14 orcs
  8 ball pythons
  11 endoplasms
  A giant cockroach (D:4)
  4 goblins
  6 hobgoblins
  A jackal (D:5)
  3 quokkas
  5 bats
  A frilled lizard (D:1)
  17 kobolds
  8 rats
147 creatures vanquished.

Vanquished Creatures (collateral kills)
  2 orcs
  2 kobolds
  A quokka (D:5)
  A rat (D:3)
6 creatures vanquished.

Vanquished Creatures (others)
  A wyvern (D:7)
  An orc priest (D:7)
  3 jackals (D:5)
  139 foxfires
  3 fungi (D:8)
  8 plants (D:8)
155 creatures vanquished.

Grand Total: 308 creatures vanquished

Notes
Turn   | Place    | Note
-------+----------+-------------------------------------------
     0 | D:1      | FexLirch the Djinni Fire Elementalist began the quest for
                  | the Orb.
     0 | D:1      | FexLirch set off with the following spells memorised:
                  | Foxfire, Scorch, Conjure Flame, Inner Flame, Flame Wave.
     0 | D:1      | Reached XP level 1. HP: 15/15 MP: 0/0
   184 | D:1      | Reached XP level 2. HP: 19/21 MP: 0/0
   394 | D:1      | Reached skill level 3 in Spellcasting
   853 | D:1      | Reached XP level 3. HP: 21/25 MP: 0/0
   853 | D:1      | Learned a level 1 spell: Freeze
  1755 | D:2      | Reached XP level 4. HP: 30/31 MP: 0/0
  1994 | D:2      | Identified the ring "Bualeosi" {rN+ Str+6}
  2631 | D:3      | Reached skill level 4 in Spellcasting
  2632 | D:3      | Reached XP level 5. HP: 25/35 MP: 0/0
  2632 | D:3      | Learned a level 2 spell: Call Imp
  2895 | D:3      | Noticed Natasha
  2900 | D:3      | Killed Natasha
  2953 | D:3      | Found a burning altar of Makhleb.
  2960 | D:3      | Became a worshipper of Makhleb the Destroyer
  2982 | D:3      | Noticed a sky beast
  2995 | D:3      | Killed a sky beast
  2996 | D:3      | Reached XP level 6. HP: 24/40 MP: 0/0
  3325 | D:3      | Reached skill level 5 in Spellcasting
  3554 | D:4      | Found an ornate altar of the Wu Jian Council.
  3930 | D:4      | Reached XP level 7. HP: 42/45 MP: 0/0
  3930 | D:4      | Learned a level 3 spell: Spider Form
  3994 | D:4      | Reached skill level 6 in Spellcasting
  4743 | D:5      | Entered Level 5 of the Dungeon
  5086 | D:5      | Reached * piety under Makhleb
  5300 | D:5      | Found a basalt altar of Yredelemnul.
  5300 | D:5      | Found a hazy altar of Hepliaklqana.
  5795 | D:6      | Reached XP level 8. HP: 32/50 MP: 0/0
  5805 | D:6      | Reached skill level 7 in Spellcasting
  6020 | D:6      | Found a staircase to the Ecumenical Temple.
  6232 | D:6      | Noticed a troll
  6249 | D:6      | Killed a troll
  6250 | D:6      | Reached skill level 8 in Spellcasting
  6431 | D:6      | Reached XP level 9. HP: 44/55 MP: 0/0
  6431 | D:6      | Learned a level 4 spell: Anguish
  6455 | D:6      | Reached skill level 9 in Spellcasting
  6989 | D:7      | Reached ** piety under Makhleb
  7244 | D:7      | Reached skill level 10 in Spellcasting
  7476 | D:7      | Reached XP level 10. HP: 46/60 MP: 0/0
  7722 | D:8      | Noticed a purple ugly thing
  7723 | D:8      | Noticed a centaur warrior
  7726 | D:8      | Killed a centaur warrior
  7731 | D:8      | Killed a purple ugly thing
  7736 | D:8      | Shot with an arrow by a centaur

Illustrated notes

Levels and vault maps discovered:
D:1:      eino_arrival_water_cross, layout_loops_corners
D:2:      layout_rooms
D:3:      layout_basic, bloody_makhleb, nicolae_underground_beach, uniq_natasha
D:4:      layout_basic, nzn_wu_jian_contemplation
D:5:      layout_loops_corners, mainiacjoe_overflow_divided_tiny,
          lemuel_flamethrower_2
D:6:      layout_rooms, minmay_temple_entry_offerings, minmay_hedge_maze,
          minmay_joined_circles
D:7:      layout_rooms, mrwooster_statue_mirror
D:8:      layout_basic, due_lair_maze_entry_diamond, minmay_manual_mail

Skill      XL: |  1  2  3  4  5  6  7  8  9 10 |
---------------+-------------------------------+-----
Spellcasting   | 3 4 5 6 8 10 | 10.7
Fighting       | 2 |  2.4
Dodging        | 3 |  3.7
Shields        | 2 |  2.4
Stealth        | |  1.5

Action                   |  1- 3 |  4- 6 |  7- 9 | 10-12 || total
-------------------------+-------+-------+-------+-------++-------
Melee: Unarmed           |     1 |       |       |       ||     1
       Dagger            |       |     6 |       |       ||     6
 Cast: Foxfire           |    16 |    27 |    36 |     4 ||    83
       Scorch            |    26 |    33 |    64 |    12 ||   135
       Call Imp          |       |     5 |     8 |     1 ||    14
       Conjure Flame     |       |     2 |     6 |     1 ||     9
       Flame Wave        |       |     1 |     4 |       ||     5
       Inner Flame       |       |       |     7 |     1 ||     8
       Anguish           |       |       |     3 |     4 ||     7
       Spider Form       |       |       |       |     1 ||     1
Armor: Robe              |     1 |     2 |     6 |       ||     9
       Steam dragon scal |       |       |     5 |     1 ||     6
Dodge: Dodged            |     8 |    16 |     6 |       ||    30
Block: Buckler           |       |       |       |     2 ||     2
